 Dungeon Crawl Stone Soup version 0.22-a0-469-gf26638a (webtiles) character file.

185 epen the Insei (level 5, -2/38 HPs)
             Began as a Merfolk Transmuter on June 12, 2018.
             Slain by an orc (3 damage)
             ... on level 4 of the Dungeon.
             The game lasted 00:04:34 (2661 turns).

epen the Insei (Merfolk Transmuter)                 Turns: 2661, Time: 00:04:34

Health: -2/38      AC:  5    Str: 11    XL:     5   Next: 64%
Magic:  1/8        EV: 14    Int: 18    God:
Gold:   101        SH:  5    Dex: 14    Spells: 3/9 levels left

rFire    . . .     SeeInvis .     - Unarmed
rCold    . . .     Gourm    .   (no shield)
rNeg     + . .     Faith    .   b - +0 robe
rPois    .         Spirit   .   s - +1 helmet
rElec    .         Reflect  +   (no cloak)
rCorr    .         Harm     .   u - +0 pair of gloves
MR       .....                  (no boots)
Stlth    +++.......             p - +5 amulet of reflection
HPRegen  0.12/turn              k - ring of positive energy
MPRegen  0.11/turn              q - ring of stealth

@: brilliant
A: change form in water, swift swim, stealthy swim
a: no special abilities


You were on level 4 of the Dungeon.
You were not hungry.

You visited 1 branch of the dungeon, and saw 4 of its levels.

You collected 101 gold pieces.

Inventory:

Missiles
 a - 79 arrows
Armour
 b - a +0 robe (worn)
 m - a +0 leather armour
 s - a +1 helmet (worn)
 u - a +0 pair of gloves (worn)
Jewellery
 k - a ring of positive energy (left hand)
 p - a +5 amulet of reflection (around neck)
 q - a ring of stealth (right hand)
Scrolls
 c - 2 scrolls of teleportation
 e - 2 scrolls of magic mapping
 g - a scroll of noise
 i - a scroll of remove curse
 l - a scroll of enchant armour
 n - a scroll of fog
 w - a scroll of identify
Potions
 f - a potion of cancellation
 j - 2 potions of berserk rage
 r - a potion of agility {unknown}
 t - 2 potions of heal wounds {unknown}
 v - a potion of degeneration {unknown}
Comestibles
 d - 4 rations
 h - 2 chunks of flesh


   Skills:
 + Level 2.0 Fighting
 + Level 3.6 Dodging
 + Level 1.6 Stealth
 + Level 5.0 Unarmed Combat
 + Level 2.5 Spellcasting
 + Level 3.4 Transmutations
 + Level 0.4 Poison Magic


You had 3 spell levels left.
You knew the following spells:

 Your Spells              Type           Power        Failure   Level  Hunger
a - Beastly Appendage     Tmut           ####..       1%          1    #......
b - Sticks to Snakes      Tmut           ####....     1%          2    ##.....
c - Spider Form           Tmut/Pois      ###.......   3%          3    ###....

Your spell library contained the following spells:

 Spells                   Type           Power        Failure   Level  Hunger
 Blade Hands              Tmut           ####......   13%         5    ######.
 Ice Form                 Ice/Tmut       ###.....     10%         4    #####..


Dungeon Overview and Level Annotations

Branches:
Dungeon (4/15)
 Temple: D:4-7

Altars:
Fedhas
Hepliaklqana
Makhleb
Nemelex Xobeh
Qazlal
Yredelemnul
Zin

Annotations:
D:3 epen's ghost, amateur DEAK


Message History

The orc priest mumbles some strange prayers to Beogh against you.
Beogh smites you!
* * * LOW HITPOINT WARNING * * *
You hit the orc.
You kill the orc!
You hit the orc.
The orc is poisoned.
The orc is moderately wounded.
It was a potion of cancellation.
Your magical effects are unravelling.
You feel magically purged.
Your magical contamination has completely faded away.
Your transformation has ended.
Your +1 helmet unmelds from your body.
Your +0 pair of gloves unmelds from your body.
Your +0 robe unmelds from your body.
The orc hits you.
* * * LOW HITPOINT WARNING * * *
It was a potion of brilliance.
You feel clever all of a sudden. The orc hits you.
You die...

oo#######
ooo.....# #.#
#.# #.# #.# #.#
#[# #.# #o# #.#
#o# #.# ### #o#
#.# ##(## #@#
##.###.#.##
#.###...#.###.##
#........##
##.## ###)#...##
##.# ##.#.#.##
##.##
##...#.###.##
##.#...#.##
#.#.##.##
#.#.####


You could see an orc priest and 2 orcs.

Vanquished Creatures
  A hound (D:2)
  An orc wizard (D:4)
  A worker ant (D:4)
  3 adders (D:2)
  An ooze (D:3)
  A worm (D:4)
  A dart slug (D:1)
  2 leopard geckos
  2 orcs (D:4)
  3 bats
  2 giant cockroaches (D:2)
  10 goblins
  15 hobgoblins
  9 kobolds
  A quokka (D:3)
  4 frilled lizards
  7 rats
64 creatures vanquished.

Notes
Turn   | Place    | Note
-------+----------+-------------------------------------------
     0 | D:1      | epen the Merfolk Transmuter began the quest for the Orb.
     0 | D:1      | Reached XP level 1. HP: 15/15 MP: 3/3
   206 | D:1      | Reached XP level 2. HP: 10/21 MP: 3/5
   663 | D:1      | Reached skill level 4 in Unarmed Combat
   680 | D:1      | Learned a level 2 spell: Sticks to Snakes
   701 | D:1      | Reached XP level 3. HP: 17/26 MP: 6/6
   706 | D:1      | Learned a level 3 spell: Spider Form
  1156 | D:2      | Reached skill level 1 in Stealth
  1156 | D:2      | Reached XP level 4. HP: 5/33 MP: 1/7
  1444 | D:2      | Found a sparkling altar of Nemelex Xobeh.
  1888 | D:2      | Found a blossoming altar of Fedhas.
  1888 | D:2      | Found a stormy altar of Qazlal.
  1889 | D:2      | Found a glowing silver altar of Zin.
  1902 | D:2      | Found a basalt altar of Yredelemnul.
  2026 | D:2      | Found a hazy altar of Hepliaklqana.
  2059 | D:2      | Found a burning altar of Makhleb.
  2239 | D:3      | Reached XP level 5. HP: 32/38 MP: 8/8
  2482 | D:3      | Noticed epen's ghost (amateur DEAK)
  2643 | D:4      | Reached skill level 5 in Unarmed Combat
  2660 | D:4      | HP: 1/38 [orc (2)]
  2661 | D:4      | Slain by an orc

Vault maps used:
D:1:      lightli_arrival_noodles, minmay_nonomino_d4
D:2:      lemuel_coloured_pillars_altar, nicolae_overflow_quartered_altars,
          lemuel_round_altar, first_ration, makhleb_heckhound_becter
D:4:      temple_statues

Skill      XL: |  1  2  3  4  5 |
---------------+----------------+-----
Dodging        | 3 |  3.6
Unarmed Combat | 4 5 |  5.0
Stealth        | 1 |  1.6
Transmutations | 3 |  3.4
Fighting       | 2 |  2.0
Spellcasting   | |  2.5
Poison Magic   | |  0.4

Action                   |  1- 3 |  4- 6 || total
-------------------------+-------+-------++-------
Melee: Unarmed           |   104 |   115 ||   219
       Headbutt          |    10 |     2 ||    12
       Punch             |       |     2 ||     2
 Cast: Beastly Appendage |    10 |     1 ||    11
       Spider Form       |     2 |     4 ||     6
       Sticks to Snakes  |       |     4 ||     4
  Use: Scroll            |       |     9 ||     9
       Potion            |       |     2 ||     2
 Stab: Sleeping          |     2 |     3 ||     5
       Distracted        |       |     1 ||     1
  Eat: Chunk             |     1 |     7 ||     8
Armor: Robe              |     7 |    14 ||    21
       Skin              |       |     1 ||     1
Dodge: Dodged            |    58 |    70 ||   128
Block: Other             |       |     6 ||     6

Table legend:
 A = Spawn XP
 B = Non-spawn XP
 C = Spawn XP percentage of total XP
 D = Spawn monster count
 E = Non-spawn monster count
 F = Spawn count percentage of total count
 G = Total turns spent on level
                    A         B        C        D         E        F      G
               +---------+---------+-------+---------+---------+-------+---------
         Total |       0 |     265 |   0.0 |       0 |      64 |   0.0 |  2661
               +---------+---------+-------+---------+---------+-------+---------
           D:1 |       0 |      47 |   0.0 |       0 |      26 |   0.0 |  1113
           D:2 |       0 |     111 |   0.0 |       0 |      23 |   0.0 |  1116
           D:3 |       0 |      22 |   0.0 |       0 |      10 |   0.0 |   272
           D:4 |       0 |      85 |   0.0 |       0 |       5 |   0.0 |   160
               +---------+---------+-------+---------+---------+-------+---------
